 Dungeon Crawl Stone Soup version 0.27.1-3-gb3d3a73c9e (webtiles) character file.

Game seed: 17782783750696710093

9657 unlimited1921 the Frost Mage (level 11, -2/82 HPs)
             Began as a Gnoll Ice Elementalist on Oct 15, 2021.
             Was an Initiate of Gozag.
             Shot with an arrow by a centaur warrior (23 damage)
             ... on level 11 of the Dungeon on Oct 20, 2021.
             The game lasted 02:48:33 (24415 turns).

unlimited1921 the Frost Mage (GnIE)                Turns: 24415, Time: 02:48:33

Health: -2/82      AC: 10    Str: 12    XL:     11   Next: 49%
Magic:  28/32      EV: 16    Int: 22    God:    Gozag
Gold:   717        SH:  0    Dex: 16    Spells: 9/26 levels left

rFire    + + .     SeeInvis +   U - +1 shortbow of Income {flame, rElec Str+4 Int+6}
rCold    . . .     Faith    .   (shield currently unavailable)
rNeg     + . .     Spirit   .   O - +0 robe of Stoicism {Rampage rN+}
rPois    .         Reflect  .   Q - +0 helmet
rElec    +         Harm     .   j - +0 cloak
rCorr    .         Rampage  +   N - +2 pair of gloves of the Thoughtful Heavens {rF++ Dex+2}
Will     .....     Rnd*Rage +   l - +1 pair of boots {Stlth+}
Stlth    +++++.....             (no amulet)
HPRegen  0.23/turn              D - ring of magical power
MPRegen  0.23/turn              b - ring of see invisible

@: unable to read
A: fangs 1, strong nose, distributed training, talons 1, berserk 1, inability to
read while threatened
a: Renounce Religion, Potion Petition, Call Merchant, Bribe Branch


You were on level 11 of the Dungeon.
You worshipped Gozag.
Gozag was pleased with you.
You visited 2 branches of the dungeon, and saw 11 of its levels.

You collected 1378 gold pieces.
You spent 564 gold pieces at shops.
You paid 97 gold pieces to Gozag.

Inventory:

Hand Weapons
 i - a +0 hand crossbow
 t - a +2 hand axe
 u - a +0 vorpal flail
 H - a +0 halberd of protection
 I - a +1 arbalest
 J - a +0 falchion
 U - the +1 shortbow of Income (weapon) {flame, rElec Str+4 Int+6}
   (You bought it in a shop on level 2 of the Dungeon)

   Any ammunition fired from it burns those it strikes, dealing additional fire
   damage.
   Str:       It affects your strength (+4).
   Int:       It affects your intelligence (+6).
   rElec:     It insulates you from electricity.
 V - a +2 mace of pain
Missiles
 h - 87 bolts
 n - 152 arrows (quivered ammo)
 K - 12 poisoned darts
 M - 7 boomerangs
Armour
 c - a +0 leather armour
 d - a +0 ring mail
 j - a +0 cloak (worn)
 l - a +1 pair of boots of stealth (worn)
 m - a +0 chain mail
 x - a +0 scale mail
 N - the +2 pair of gloves of the Thoughtful Heavens (worn) {rF++ Dex+2}
   (You found it on level 7 of the Dungeon)

   Dex:       It affects your dexterity (+2).
   rF:        It greatly protects you from fire.
 O - the +0 robe of Stoicism (worn) {Rampage rN+}
   (You found it on level 6 of the Dungeon)

   rN:        It protects you from negative energy.
   Rampage:   It bestows one free step when moving towards enemies.
 Q - a +0 helmet (worn)
Magical Staves
 P - a staff of poison
Jewellery
 b - a ring of see invisible (right hand)
 k - a ring of protection from fire
 y - a +6 ring of strength
 C - a ring of see invisible
 D - a ring of magical power (left hand)
Wands
 r - a wand of polymorph (9)
 S - a wand of digging (5)
 T - a wand of iceblast (16) (quivered)
Scrolls
 e - a scroll of enchant armour
 f - 3 scrolls of immolation
 o - 2 scrolls of blinking
 p - a scroll of silence {unknown}
 q - 4 scrolls of teleportation
 s - a scroll of vulnerability
 v - 2 scrolls of amnesia
 B - a scroll of magic mapping
 E - 2 scrolls of enchant weapon
 F - a scroll of torment
Potions
 a - a potion of attraction {unknown}
 g - 3 potions of flight
 w - a potion of invisibility {unknown}
 z - a potion of resistance
 G - 2 potions of brilliance
 L - 2 potions of mutation
 R - a potion of ambrosia
 W - a potion of cancellation {unknown}


   Skills:
 + Level 6.3 Fighting
 + Level 6.3 Short Blades
 + Level 6.3 Long Blades
 + Level 6.3 Axes
 + Level 6.3 Maces & Flails
 + Level 6.3 Polearms
 + Level 6.3 Staves
 + Level 6.3 Slings
 + Level 6.3 Bows
 + Level 6.3 Crossbows
 + Level 6.3 Throwing
 + Level 6.3 Armour
 + Level 7.9 Dodging
 + Level 7.7 Stealth
 + Level 6.3 Shields
 + Level 6.3 Unarmed Combat
 + Level 8.2 Spellcasting
 + Level 5.2 Conjurations
 + Level 5.2 Hexes
 + Level 5.2 Summonings
 + Level 5.2 Necromancy
 + Level 5.2 Translocations
 + Level 5.2 Transmutations
 + Level 5.2 Fire Magic
 + Level 9.0 Ice Magic
 + Level 5.2 Air Magic
 + Level 5.2 Earth Magic
 + Level 5.2 Poison Magic
 + Level 7.0 Invocations
 + Level 6.3 Evocations


You had 9 spell levels left.
You knew the following spells:

 Your Spells              Type           Power      Damage    Failure   Level
a - Freeze                Ice            100%       1d11      1%          1
b - Ozocubu's Armour      Ice            48%        N/A       1%          3
c - Mephitic Cloud        Conj/Pois/Air  32%        N/A       2%          3
d - Ignite Poison         Fire/Tmut/Pois 32%        N/A       2%          3
e - Hailstorm             Conj/Ice       40%        3d10      3%          4
f - Summon Guardian Gole  Hex/Summ       32%        N/A       2%          3

Your spell library contained the following spells:

 Spells                   Type           Power      Damage    Failure   Level
 Sublimation of Blood     Necr           16%        N/A       1%          2
 Wereblood                Tmut           32%        N/A       1%          2
 Frozen Ramparts          Ice            96%        1d11      1%          3
 Bolt of Magma            Conj/Fire/Erth 16%        4d9       24%         5
 Orb of Destruction       Conj           16%        9d7       100%        7
 Spellforged Servitor     Conj/Summ      16%        N/A       100%        7
 Summon Hydra             Summ           16%        N/A       100%        7


Dungeon Overview and Level Annotations

Branches:
Dungeon (11/15)            Temple (1/1) D:5            Lair (0/6) D:8
    Orc (0/2) D:11

Altars:
Ashenzari
Cheibriados
Dithmenos
Elyvilon
Fedhas
Gozag
Hepliaklqana
Kikubaaqudgha
Makhleb
Nemelex Xobeh
Okawaru
Qazlal
Ru
Sif Muna
Trog
Uskayaw
Vehumet
Wu Jian
Yredelemnul
Zin
The Shining One
Jiyva

Shops:
D:2 **   D:4 :[:   D:5 ?

Annotations:
D:10 2 transporters, DemonSlayer's ghost, journeyman TeBe
D:11 2 transporters


Innate Abilities, Weirdness & Mutations

You have very sharp teeth.
Your uncanny sense of smell can sniff out nearby items.
Your experience applies equally to all skills.
You have sharp toenails.
You tend to lose your temper in combat.
You sometimes lose the ability to read scrolls when taking damage.


Message History

The centaur warrior shoots an arrow.
The arrow hits you!
You hear a shout!
Casting: Ozocubu's Armour (safe; 1% risk of failure)
Confirm with . or Enter, or press ? or * to list all spells.
A guardian golem appears, shielding your allies.
The centaur warrior shoots an arrow.
The arrow hits you!
You feel threatened and lose the ability to read scrolls!
You shoot an arrow.
The arrow closely misses the centaur warrior.
The centaur warrior shoots an arrow.
The arrow completely misses you.
The centaur warrior shoots an arrow.
The arrow hits you!
Aiming: Iceblast
Press: ? - help, Q - select action, (/) - cycle Shift-Dir - straight line, p - centaur warrior Out of range.
Okay, then.
What are your orders? t - Bark!
Orders for allies: a - Attack new target. p - Attack previous target. r - Retreat! s - Stop attacking. g - Guard the area. f - Follow me.
Anything else - Cancel.
Okay, then.
Unknown command.
Unknown command.
Unknown command.
Unknown command.
You cannot read scrolls in your current state!
Unknown command.
Unknown command.
Your icy armour will break if you move.
Continue?
Uppercase [Y]es or [N]o only, please.
Your icy armour will break if you move.
Continue?
Your icy armour cracks and falls away as you move.
The centaur warrior shoots an arrow.
The arrow hits you!!
* * * LOW HITPOINT WARNING * * *
Something hits your guardian golem! Something kicks your guardian golem.
The centaur warrior wields a +0 shortbow.
The centaur warrior shoots an arrow.
The arrow hits you!!
You die...
Your body crumbles into a pile of gold.

#........................
#...................[....
#.....##############.####
#..................#.....
#.....)......(.....#.....
#..................#.....
#..................#.....
#######.^..........#.....
#.......@................
#........................
#........................
#........................
#........................
#........................
#........................
#...c....................
#..8..############ #####


You could see a centaur warrior.

Vanquished Creatures
  2 two-headed ogres
  A cyclops (D:11)
  An ugly thing (D:7)
  A gargoyle (D:8)
  An unseen horror (D:11)
  A wraith (D:10)
  A wyvern (D:11)
  7 yaks (D:10)
  Grum (D:10)
  A steam dragon (D:5)
  3 vampire mosquitoes (D:11)
  5 water moccasins
  4 ice beasts
  An orc warrior (D:11)
  2 black bears (D:8)
  A necrophage (D:6)
  3 sky beasts
  An ogre (D:5)
  4 centaurs
  2 wolves (D:10)
  A phantom (D:6)
  The ghost of KittyFluff the Skirmisher, an amateur GrBe of Trog (D:3)
  A kobold brigand (D:7)
  2 bullfrogs (D:8)
  2 scorpions
  A water moccasin skeleton (D:5)
  6 killer bees
  5 wights (D:10)
  3 howler monkeys
  A centaur zombie (D:5)
  2 bullfrog zombies
  4 hounds
  2 jellies
  4 orc priests
  A centaur skeleton (D:3)
  2 bullfrog skeletons
  Terence (D:2)
  Natasha (thrice) (D:3)
  3 iguanas
  4 orc wizards
  A hound skeleton (D:5)
  A howler monkey zombie (D:7)
  6 gnolls
  A howler monkey skeleton (D:7)
  An adder (D:2)
  2 shadow imps
  3 ufetubi (D:5)
  A worm (D:5)
  A dart slug (D:2)
  13 orcs
  5 endoplasms
  5 giant cockroaches
  3 hobgoblins
  10 jackals
  8 kobolds
  2 quokkas
  4 ball pythons
  A bat (D:2)
  5 frilled lizards
  10 goblins
  5 rats
180 creatures vanquished.

Vanquished Creatures (others)
  A two-headed ogre (D:11)
  2 yaks (D:10)
  A shadow (D:11)
  49 fungi (D:8)
  53 plants (D:8)
106 creatures vanquished.

Grand Total: 286 creatures vanquished

Notes
Turn   | Place    | Note
-------+----------+-------------------------------------------
     0 | D:1      | unlimited1921 the Gnoll Ice Elementalist began the quest
                  | for the Orb.
     0 | D:1      | Reached XP level 1. HP: 13/13 MP: 6/6
   196 | D:1      | Reached XP level 2. HP: 19/19 MP: 0/7
   311 | D:1      | Found a faded altar of an unknown god.
  1568 | D:2      | Noticed Terence
  1711 | D:2      | Found Efyifeasch's General Store.
  1725 | D:2      | Reached XP level 3. HP: 12/25 MP: 9/9
  2060 | D:2      | Found Horito's Assorted Antiques.
  2171 | D:2      | Reached skill level 5 in Spellcasting
  2181 | D:2      | Killed Terence
  2182 | D:2      | Reached skill level 1 in Fighting
  2182 | D:2      | Reached skill level 1 in Short Blades
  2182 | D:2      | Reached skill level 1 in Long Blades
  2182 | D:2      | Reached skill level 1 in Axes
  2182 | D:2      | Reached skill level 1 in Maces & Flails
  2182 | D:2      | Reached skill level 1 in Polearms
  2182 | D:2      | Reached skill level 1 in Staves
  2182 | D:2      | Reached skill level 1 in Slings
  2182 | D:2      | Reached skill level 1 in Bows
  2182 | D:2      | Reached skill level 1 in Crossbows
  2182 | D:2      | Reached skill level 1 in Throwing
  2182 | D:2      | Reached skill level 1 in Armour
  2182 | D:2      | Reached skill level 1 in Shields
  2182 | D:2      | Reached skill level 1 in Unarmed Combat
  2182 | D:2      | Reached skill level 1 in Invocations
  2182 | D:2      | Reached skill level 1 in Evocations
  2359 | D:2      | Reached XP level 4. HP: 32/32 MP: 8/11
  3340 | D:3      | Found a sacrificial altar of Ru.
  3664 | D:3      | Learned a level 3 spell: Ozocubu's Armour
  4511 | D:3      | Noticed Natasha
  4516 | D:3      | Killed Natasha
  4517 | D:3      | Reached skill level 1 in Conjurations
  4517 | D:3      | Reached skill level 1 in Hexes
  4517 | D:3      | Reached skill level 1 in Summonings
  4517 | D:3      | Reached skill level 1 in Necromancy
  4517 | D:3      | Reached skill level 1 in Translocations
  4517 | D:3      | Reached skill level 1 in Transmutations
  4517 | D:3      | Reached skill level 1 in Fire Magic
  4517 | D:3      | Reached skill level 1 in Air Magic
  4517 | D:3      | Reached skill level 1 in Earth Magic
  4517 | D:3      | Reached skill level 1 in Poison Magic
  5322 | D:3      | Found a transporter.
  5323 | D:3      | Noticed KittyFluff's ghost (amateur GrBe)
  5334 | D:3      | Found a transporter.
  5743 | D:4      | Noticed a centaur
  5832 | D:3      | Killed a centaur
  5833 | D:3      | Reached XP level 5. HP: 10/37 MP: 4/12
  6303 | D:3      | Reached XP level 6. HP: 35/44 MP: 10/13
  6676 | D:4      | Found Yczuhix's Armour Emporium.
  6679 | D:4      | Found Nakiopan's Book Shop.
  6687 | D:4      | Found Ilycex's Book Emporium.
  6762 | D:4      | Reached skill level 5 in Dodging
  7351 | D:5      | Entered Level 5 of the Dungeon
  7647 | D:5      | Reached XP level 7. HP: 44/50 MP: 15/15
  7917 | D:5      | Gained mutation: You tend to lose your temper in combat.
                  | [potion of mutation]
  7917 | D:5      | Gained mutation: You sometimes lose the ability to read
                  | scrolls when taking damage. [potion of mutation]
  7917 | D:5      | Gained mutation: You have sharp toenails. [potion of
                  | mutation]
  9108 | D:5      | Noticed a steam dragon
  9108 | D:5      | a centaur changed into a steam dragon
  9113 | D:5      | Killed a steam dragon
  9114 | D:5      | Reached skill level 5 in Stealth
  9456 | D:5      | Found Exkex's Magic Scroll Emporium.
  9469 | D:5      | Bought a scroll of identify for 28 gold pieces
  9469 | D:5      | Bought a scroll of identify for 28 gold pieces
  9469 | D:5      | Bought a scroll of identify for 28 gold pieces
  9552 | D:5      | Reached XP level 8. HP: 41/57 MP: 6/16
  9729 | D:5      | Found a staircase to the Ecumenical Temple.
  9757 | Temple   | Entered the Ecumenical Temple
  9810 | Temple   | Became a worshipper of Gozag Ym Sagoz the Greedy
 10335 | D:5      | Bought 3 scrolls of identify for 84 gold pieces
 10572 | D:6      | You fall into a shaft and drop 1 floor!
 11203 | D:7      | Found a glowing silver altar of Zin.
 11939 | D:7      | Found a basalt altar of Yredelemnul.
 12629 | D:7      | Noticed a purple ugly thing
 12639 | D:7      | Killed a purple ugly thing
 12640 | D:7      | Reached XP level 9. HP: 51/65 MP: 10/18
 13232 | D:7      | Identified the +2 pair of gloves of the Thoughtful Heavens
                  | {rF++ Dex+2}
 13329 | D:7      | Reached skill level 8 in Ice Magic
 14250 | D:7      | Found an iron altar of Okawaru.
 14568 | D:6      | Found a burning altar of Makhleb.
 14580 | D:6      | Identified the +0 robe of Stoicism {Rampage rN+}
 15785 | D:6      | Reached skill level 5 in Invocations
 17041 | D:3      | Noticed Natasha
 17044 | D:3      | Killed Natasha
 17078 | D:3      | Killed KittyFluff's ghost
 17216 | D:2      | Bought a brightly glowing shortbow for 184 gold pieces
 17216 | D:2      | Identified the +1 shortbow of Income {flame, rElec Str+4
                  | Int+6} (You bought it in a shop on level 2 of the Dungeon)
 17216 | D:2      | Bought a sapphire potion for 20 gold pieces
 17216 | D:2      | Bought a golden potion for 20 gold pieces
 18251 | D:2      | Bought a scroll of enchant weapon for 172 gold pieces
 18519 | D:3      | Noticed Natasha
 18523 | D:3      | Killed Natasha
 19000 | D:8      | Found an ancient bone altar of Kikubaaqudgha.
 19475 | D:8      | Reached XP level 10. HP: 73/73 MP: 20/20
 19606 | D:8      | Reached skill level 5 in Fighting
 19606 | D:8      | Reached skill level 5 in Short Blades
 19606 | D:8      | Reached skill level 5 in Long Blades
 19606 | D:8      | Reached skill level 5 in Axes
 19606 | D:8      | Reached skill level 5 in Maces & Flails
 19606 | D:8      | Reached skill level 5 in Polearms
 19606 | D:8      | Reached skill level 5 in Staves
 19606 | D:8      | Reached skill level 5 in Slings
 19606 | D:8      | Reached skill level 5 in Bows
 19606 | D:8      | Reached skill level 5 in Crossbows
 19606 | D:8      | Reached skill level 5 in Throwing
 19606 | D:8      | Reached skill level 5 in Armour
 19606 | D:8      | Reached skill level 5 in Shields
 19606 | D:8      | Reached skill level 5 in Unarmed Combat
 19606 | D:8      | Reached skill level 5 in Evocations
 19729 | D:8      | Found a staircase to the Lair.
 19825 | D:8      | Noticed a gargoyle
 20066 | D:8      | Killed a gargoyle
 20427 | D:8      | You fall into a shaft and drop 2 floors!
 20427 | D:10     | Entered Level 10 of the Dungeon
 20743 | D:10     | Found a radiant altar of Vehumet.
 20967 | D:10     | Learned a level 3 spell: Mephitic Cloud
 20971 | D:10     | Learned a level 3 spell: Ignite Poison
 20976 | D:10     | Learned a level 4 spell: Hailstorm
 20980 | D:10     | Learned a level 3 spell: Summon Guardian Golem
 21589 | D:10     | Found a transporter.
 21589 | D:10     | Noticed a cyclops
 21592 | D:10     | Noticed a two-headed ogre
 21606 | D:10     | Found a transporter.
 21614 | D:10     | Noticed a two-headed ogre
 21614 | D:10     | Noticed a two-headed ogre
 21616 | D:10     | Found a bloodstained altar of Trog.
 21638 | D:10     | Noticed a moth of wrath
 21642 | D:10     | Noticed DemonSlayer's ghost (journeyman TeBe)
 21663 | D:10     | Noticed a two-headed ogre
 21678 | D:10     | Killed a two-headed ogre
 22387 | D:10     | Noticed Grum
 22399 | D:10     | Killed Grum
 22534 | D:10     | Reached XP level 11. HP: 73/81 MP: 12/22
 23250 | D:11     | Noticed a two-headed ogre
 23270 | D:11     | Killed a two-headed ogre
 23271 | D:11     | Reached skill level 5 in Conjurations
 23271 | D:11     | Reached skill level 5 in Hexes
 23271 | D:11     | Reached skill level 5 in Summonings
 23271 | D:11     | Reached skill level 5 in Necromancy
 23271 | D:11     | Reached skill level 5 in Translocations
 23271 | D:11     | Reached skill level 5 in Transmutations
 23271 | D:11     | Reached skill level 5 in Fire Magic
 23271 | D:11     | Reached skill level 5 in Air Magic
 23271 | D:11     | Reached skill level 5 in Earth Magic
 23271 | D:11     | Reached skill level 5 in Poison Magic
 23377 | D:11     | Found a transporter.
 23383 | D:11     | Found a viscous altar of Jiyva.
 23383 | D:11     | Noticed a great orb of eyes
 23432 | D:11     | Found a transporter.
 23488 | D:11     | Found a staircase to the Orcish Mines.
 23804 | D:11     | Noticed a two-headed ogre
 23819 | D:11     | Killed a two-headed ogre
 24057 | D:11     | Noticed a cyclops
 24071 | D:11     | Killed a cyclops
 24340 | D:11     | Reached skill level 9 in Ice Magic
 24405 | D:11     | Noticed a centaur warrior
 24415 | D:11     | Shot with an arrow by a centaur warrior

Illustrated notes

Levels and vault maps discovered:
D:1:      amcnicky_arrival_choice, layout_basic, basic_ecumenical_altar
D:2:      layout_loops_ring, serial_shops, nicolae_lakefront_shop,
          nicolae_shop_behind_doors, uniq_terence
D:3:      layout_loops_cross, hangedman_ru_absence, gammafunk_ghost_mausoleum,
          hangedman_decor_push, uniq_natasha
D:4:      layout_rooms, serial_shops, shop, shop, nicolae_shop_waterfront
D:5:      layout_basic, minmay_temple_entry_statues_pillars, serial_shops,
          nicolae_shop_temple_entry_statues_fountains
D:6:      layout_basic, bloody_makhleb, grunt_decor_arrowhead
D:7:      minmay_recursive_quarters, layout_basic, mainiacjoe_overflow_chevrons,
          okawaru_altar_gauntlet_db, zin_scriptorium, serial_glass,
          glass_columns_b, glass_columns_a, minmay_strange_pillars,
          feat_on_display, item_on_display_a
D:8:      layout_loops_ring, mainiacjoe_overflow_cross_hatched,
          due_lair_maze_entry_diamond, minmay_fractal_squares_diagonal_5
D:10:     layout_stronghold, fiery_altar_vehumet,
          gammafunk_ghost_wrathful_warriors, uniq_grum
D:11:     gammafunk_jiyva_shrine, layout_grid_maze, orc_0_dummy,
          minmay_misc_feat_ornament
Temple:   nicolae_temple_great_sept

Skill      XL: |  1  2  3  4  5  6  7  8  9 10 11 |
---------------+----------------------------------+-----
Spellcasting   | 5 6 7 8 |  8.2
Fighting       | 1 2 4 5 6 |  6.3
Short Blades   | 1 2 4 5 6 |  6.3
Long Blades    | 1 2 4 5 6 |  6.3
Axes           | 1 2 4 5 6 |  6.3
Maces & Flails | 1 2 4 5 6 |  6.3
Polearms       | 1 2 4 5 6 |  6.3
Staves         | 1 2 4 5 6 |  6.3
Slings         | 1 2 4 5 6 |  6.3
Bows           | 1 2 4 5 6 |  6.3
Crossbows      | 1 2 4 5 6 |  6.3
Throwing       | 1 2 4 5 6 |  6.3
Armour         | 1 2 4 5 6 |  6.3
Shields        | 1 2 4 5 6 |  6.3
Unarmed Combat | 1 2 4 5 6 |  6.3
Invocations    | 1 2 3 4 5 6 7 |  7.0
Evocations     | 1 2 4 5 6 |  6.3
Conjurations   | 1 2 3 4 5 |  5.2
Hexes          | 1 2 3 4 5 |  5.2
Summonings     | 1 2 3 4 5 |  5.2
Necromancy     | 1 2 3 4 5 |  5.2
Translocations | 1 2 3 4 5 |  5.2
Transmutations | 1 2 3 4 5 |  5.2
Fire Magic     | 1 2 3 4 5 |  5.2
Air Magic      | 1 2 3 4 5 |  5.2
Earth Magic    | 1 2 3 4 5 |  5.2
Poison Magic   | 1 2 3 4 5 |  5.2
Dodging        | 5 6 7 |  7.9
Stealth        | 5 6 7 |  7.7
Ice Magic      | 8 9 |  9.0

Action                   |  1- 3 |  4- 6 |  7- 9 | 10-12 || total
-------------------------+-------+-------+-------+-------++-------
Melee: Unarmed           |     3 |       |       |       ||     3
       Mace              |     8 |     2 |       |       ||    10
       War axe           |       |     3 |    25 |       ||    28
       Punch             |       |     1 |       |       ||     1
       Kick              |       |       |     2 |       ||     2
       Bite              |       |       |     2 |       ||     2
 Fire: Shortbow          |       |    40 |    44 |   138 ||   222
       Arbalest          |       |       |   191 |       ||   191
 Cast: Freeze            |    37 |    54 |    85 |    64 ||   240
       Ozocubu's Armour  |       |       |    20 |    15 ||    35
       Hailstorm         |       |       |       |    27 ||    27
       Summon Guardian G |       |       |       |    16 ||    16
       Mephitic Cloud    |       |       |       |     2 ||     2
       Ignite Poison     |       |       |       |     1 ||     1
Evoke: Wand              |     5 |     6 |     6 |     1 ||    18
  Use: Potion            |       |     2 |     3 |     2 ||     7
       Scroll            |       |       |    12 |     1 ||    13
Armor: Robe              |     2 |       |    33 |    39 ||    74
       Leather armour    |     7 |    10 |    63 |       ||    80
Dodge: Dodged            |    12 |    43 |   248 |   126 ||   429
